 Dungeon Crawl Stone Soup version 0.31-a0-632-g766dd24fdf (webtiles) character file.

Game seed: 13365519208474396373

1624 rvierbuc the Slasher (level 8, -9/57 (61) HPs)
             Began as a Demonspawn Gladiator on Aug 26, 2023.
             Mangled by a wight
             ... wielding a +4 battleaxe
              (12 damage)
             ... on level 6 of the Dungeon.
             The game lasted 00:18:38 (6090 turns).

rvierbuc the Slasher (Demonspawn Gladiator)         Turns: 6090, Time: 00:18:38

HP:   -9/57 (61)    AC:  6    Str: 15    XL:     8   Next: 65%
MP:   11/11         EV: 13    Int:  9    God:
Gold: 382           SH:  0    Dex: 17    Spells: 8/11 levels left

rFire   . . .        a - +0 long sword
rCold   . . .        (no shield)
rNeg    . . .        b - +0 leather armour
rPois   .            (helmet restricted)
rElec   .            i - +0 cloak
rCorr   .            I - +0 pair of gloves
SInv    .            o - +0 pair of boots
Will    .....        (no amulet)
Stlth   ++           (no ring)
HPRegen 0.29/turn    (no ring)
MPRegen 0.12/turn

%: no passive effects
@: drained
A: antennae 2, ignite blood 2
a: no special abilities


You were on level 6 of the Dungeon.
You visited 1 branch of the dungeon, and saw 6 of its levels.

You collected 382 gold pieces.

Inventory:

Hand Weapons
 a - a +0 long sword (weapon)
 t - a +1 heavy falchion
Missiles
 d - 3 throwing nets
 e - a javelin
 q - 19 poisoned darts
Armour
 b - a +0 leather armour (worn)
 c - a +0 helmet
 i - a +0 cloak (worn)
 l - a +0 pair of gloves
 m - a +0 ring mail
 o - a +0 pair of boots (worn)
 p - a +0 chain mail
 I - a +0 pair of gloves (worn)
Magical Staves
 f - a staff of conjuration
 J - a staff of earth
Jewellery
 F - an amulet of magic regeneration
Wands
 D - a wand of paralysis (8)
 H - a wand of roots (8)
Scrolls
 g - 4 scrolls of vulnerability {unknown}
 h - 7 scrolls of identify {unknown}
 j - 2 scrolls of amnesia {unknown}
 r - a scroll of torment {unknown}
 v - 3 scrolls of fear {unknown}
 w - a scroll of acquirement {unknown}
 y - a scroll of enchant weapon {unknown}
 C - a scroll of immolation {unknown}
 G - a scroll of poison {unknown}
Potions
 k - a potion of resistance {unknown}
 n - 3 potions of degeneration {unknown}
 s - 2 potions of brilliance {unknown}
 u - 3 potions of heal wounds {unknown}
 x - 2 potions of curing {unknown}
 z - a potion of might {unknown}
 A - 2 potions of invisibility {unknown}
 B - a potion of haste {unknown}
 E - a potion of attraction {unknown}
 K - a potion of mutation {unknown}


   Skills:
 + Level 4.5 Fighting
 + Level 6.8 Long Blades
 + Level 3.0 Throwing
 + Level 3.0 Armour
 + Level 4.2 Dodging
 + Level 1.6 Stealth
 * Level 2.4 Spellcasting
 - Level 3.0 Necromancy


You had 8 spell levels left.
You knew the following spells:

 Your Spells              Type           Power      Damage    Failure   Level
a - Vampiric Draining     Necr           6%         2d6       34%         3

Your spell library contained the following spells:

 Spells                   Type           Power      Damage    Failure   Level
 Necrotise                Necr           24%        1d5       12%         1
 Vhi's Electric Charge    Tloc/Air       2%         N/A       75%         3
 Agony                    Necr           6%         N/A       97%         5
 Manifold Assault         Tloc           1%         N/A       98%         4
 Arcjolt                  Conj/Air       0%         1d10      100%        5
 Dispersal                Tloc           0%         N/A       100%        6
 Disjunction              Tloc           0%         N/A       100%        8
 Maxwell's Capacitive Co  Air            0%         ∞         100%        8


Dungeon Overview and Level Annotations

Branches:
Dungeon (6/15)             Temple (0/1) D:6

Altars:
Trog
Yredelemnul

Shops:
D:1 [


Innate Abilities, Weirdness & Mutations

You have a pair of antennae on your head.
Your demonic aura often causes spilled blood to erupt in flames.


Message History

You are unaffected.
The wight hits you with a +4 battleaxe. The sleepcap barely misses you.
You barely miss the wight.
The wight is almost destroyed.
The wight barely misses you. The sleepcap releases spores at you.
You barely miss the wight.
The wight is almost destroyed.
The wight misses you. The sleepcap barely misses you.
You hit the wight but do no damage.
The wight is almost destroyed.
The sleepcap releases spores at you but does no damage.
The wight barely misses you.
You closely miss the wight.
The wight is almost destroyed.
The sleepcap releases spores at you.
You are engulfed in a cloud of soporific spores!
You fall asleep.
The wight hits you with a +4 battleaxe!
You wake up.
* * * LOW HITPOINT WARNING * * *
You feel drained.
* * * LOW HITPOINT WARNING * * *
Unknown command.
The sleepcap is engulfed in blazing flames.
The sleepcap is engulfed in blazing flames.
The sleepcap closely misses you.
The sleepcap is engulfed in blazing flames.
You destroy the sleepcap!
The wight attacks as it pursues you! The wight misses you.
The wight attacks as it pursues you! The wight hits you with a +4 battleaxe.
* * * LOW HITPOINT WARNING * * *
You feel drained.
* * * LOW HITPOINT WARNING * * *
Casting: Vampiric Draining (dangerous; 34% risk of failure)
Confirm with . or Enter, or press ? or * to list all spells.
Okay, then.
Okay, then.
You barely miss the wight.
The wight is almost destroyed.
The wight hits you with a +4 battleaxe!
You die...

##[.......##.###.#.
#..........#.......
#..........#.......
#.......<.....##..#
#..........#.####..
#..........#.# ....
##...........# .##.
##z.......##.#. ##.
#.@........#... #..
#.............###.#
#..................
#..........#.....##
#...............##)
##........##.#..#..
##......##[......#
########..#.##>#
##..#.##.#


You could see a wight.

Vanquished Creatures
  Sigmund (D:5)
  Eustachio (D:4)
  An ice beast (D:5)
  3 phantoms
  Blork the orc (D:6)
  A kobold brigand (D:6)
  3 scorpions
  3 wights (D:6)
  A howler monkey (D:4)
  2 hounds
  An orc priest (D:4)
  2 gnoll boudas (D:4)
  2 sleepcaps (D:6)
  An iguana (D:5)
  10 gnolls
  8 adders
  A shadow imp (D:6)
  A white imp (D:6)
  An ufetubus (D:4)
  2 worms
  2 dart slugs
  8 orcs
  10 ball pythons
  3 endoplasms
  A giant cockroach (D:3)
  8 goblins
  4 hobgoblins
  3 jackals (D:2)
  21 kobolds
  3 quokkas
  5 bats
  5 frilled lizards
  3 rats
  A spectral orc (D:5)
123 creatures vanquished.

Notes
Turn   | Place    | Note
-------+----------+-------------------------------------------
     0 | D:1      | rvierbuc the Demonspawn Gladiator began the quest for the
                  | Orb.
     0 | D:1      | Reached XP level 1. HP: 16/16 MP: 1/1
   129 | D:1      | Gained mutation: Your demonic aura sometimes causes spilled
                  | blood to erupt in flames. [demonic ancestry]
   129 | D:1      | Reached XP level 2. HP: 19/22 MP: 2/2
   473 | D:1      | Found a faded altar of an unknown god.
   480 | D:1      | Reached skill level 3 in Long Blades
   732 | D:1      | Found Poimmuv's Antique Armour Boutique.
   788 | D:2      | Reached XP level 3. HP: 4/27 MP: 3/3
   788 | D:2      | HP: 1/27 [quokka (3)]
  1413 | D:2      | Reached skill level 1 in Armour
  1413 | D:2      | Reached XP level 4. HP: 33/34 MP: 4/4
  1417 | D:2      | Learned a level 3 spell: Vampiric Draining
  2596 | D:4      | Noticed Eustachio
  2652 | D:4      | Killed Eustachio
  2653 | D:4      | Reached skill level 4 in Long Blades
  2653 | D:4      | Gained mutation: You have a pair of small antennae on your
                  | head. [demonic ancestry]
  2653 | D:4      | Reached XP level 5. HP: 25/39 MP: 5/5
  2744 | D:4      | Gained mutation: Your demonic aura often causes spilled
                  | blood to erupt in flames. [demonic ancestry]
  2744 | D:4      | Reached XP level 6. HP: 29/46 MP: 6/6
  3030 | D:4      | Found a bloodstained altar of Trog.
  3261 | D:4      | Reached skill level 5 in Long Blades
  3331 | D:4      | Gained mutation: You have a pair of antennae on your head.
                  | [demonic ancestry]
  3331 | D:4      | Reached XP level 7. HP: 17/52 MP: 7/7
  3706 | D:4      | Reached skill level 1 in Stealth
  4144 | D:5      | Entered Level 5 of the Dungeon
  4144 | D:5      | Noticed Sigmund
  4155 | D:5      | Killed Sigmund
  4156 | D:5      | Reached skill level 1 in Necromancy
  4371 | D:5      | Reached skill level 6 in Long Blades
  4377 | D:5      | Reached skill level 1 in Spellcasting
  4393 | D:5      | Reached XP level 8. HP: 25/60 MP: 8/10
  5072 | D:5      | Found a basalt altar of Yredelemnul.
  5910 | D:6      | Found a staircase to the Ecumenical Temple.
  5982 | D:6      | Noticed Blork the orc
  5988 | D:6      | Killed Blork the orc
  6090 | D:6      | Mangled by a wight

Illustrated notes

Levels and vault maps discovered:
D:1:      psy_arrival_radial02, layout_loops_ring, serial_shops,
          nicolae_shop_pleasant_corner_grove, chequers_ecumenical_altar_simple
D:2:      layout_basic, dreamdust_princess_bridge,
          wander_ebering_terrifying_dragon_lair
D:3:      layout_basic
D:4:      wad_river_or_something, layout_loops_ring,
          mainiacjoe_overflow_chevrons, roderic_serpentine_path, uniq_eustachio
D:5:      layout_basic, yredelemnul_forgotten_temple_becter, old_standard_altar,
          uniq_sigmund
D:6:      minmay_chambers_of_threes, layout_rooms, zin_statuary,
          minmay_temple_entry_glass, uniq_blork_the_orc, uniq_maggie

Skill      XL: |  1  2  3  4  5  6  7  8 |
---------------+-------------------------+-----
Dodging        | 3 4 |  4.2
Long Blades    | 3 4 5 6 |  6.8
Armour         | 1 2 3 |  3.0
Throwing       | 2 3 |  3.0
Fighting       | 3 4 |  4.5
Stealth        | 1 |  1.6
Necromancy     | 1 3 |  3.0
Spellcasting   | 1 2 |  2.4

Action                     |  1- 3 |  4- 6 |  7- 9 || total
---------------------------+-------+-------+-------++-------
  Melee: Long sword        |   125 |   146 |   194 ||   465
         Punch             |       |     1 |     5 ||     6
  Throw: Dart              |       |    16 |    11 ||    27
   Stab: Sleeping          |     1 |     2 |     2 ||     5
 Armour: Leather armour    |    50 |    57 |    58 ||   165
  Dodge: Dodged            |   110 |   119 |   137 ||   366

Table legend: (Time is in decaauts)
 A = Elapsed time spent in this place.
 B = Non-inter-level travel time spent in this place.
 C = Inter-level travel time spent in this place.
 D = Time resting spent in this place.
 E = Time spent auto-exploring this place.
 F = Levels seen in this place.
 G = Mean time per level.
                   A        B        C        D        E       F      G
               +--------+--------+--------+--------+--------+-----+--------+
         Total |   6184 |   5979 |    205 |    445 |   4147 |   6 | 1030.7 |
       Dungeon |   6184 |   5979 |    205 |    445 |   4147 |   6 | 1030.7 |
               +--------+--------+--------+--------+--------+-----+--------+

Top non-repeatable levels by time:
     D:4: 1341 daAuts
     D:5: 1338 daAuts
     D:3: 1053 daAuts
     D:2: 1029 daAuts
     D:1: 802 daAuts
     D:6: 619 daAuts
